Workbook
Name Unité: '[1]Liste Deroulante ne pas effacée'!$A$5:$A$10

Sheet Feuil1
H2: A : | I2: Sevran
H3: Le : | I3: 07 Janvier 2015
B11: 58, Boulevard de Stalingrad
B12: 93 270 SEVRAN
B13: Tel : 09.83.27.62.98
B14: Fax : 09.83.51.62.98
A16: DEVIS N° 15 001
A18: Adresse Chantier : | D18: Condition de Paiement : | G18: Commande n° :
D20: Mode de Paiement : | G20: Notre Contact :
D21: Votre Contact : | E21: Zenyo CERQUEIRA
B23: Désignations | E23: Unités | F23: Quantités | G23: Prix Unitaires | I23: Montant H.T.
B25: Mise en Conformité Assainissements | I25: =IF(G25<>"",G25*F25,"")
I26: =IF(G26<>"",G26*F26,"")
B27: Fourniture et pose de regard de branchement 40x40 y | E27: u | F27: 5 | G27: =DS!F3 -> 492.23 | I27: =IF(G27<>"",G27*F27,"") -> 2461.15
B28: compris tampons fonte C250Kn pour réseaux EU | I28: =IF(G28<>"",G28*F28,"")
I29: =IF(G29<>"",G29*F29,"")
B30: Fourniture et pose de regard de branchement 40x40 y | E30: u | F30: 2 | G30: =DS!F31 -> 492.23 | I30: =IF(G30<>"",G30*F30,"") -> 984.46
B31: compris tampons fonte C250Kn pour réseaux EP | I31: =IF(G31<>"",G31*F31,"")
I32: =IF(G32<>"",G32*F32,"")
B33: Fourniture et pose de regard de branchement 40x40 y | E33: u | F33: 1 | G33: =DS!F59 -> 492.23 | I33: =IF(G33<>"",G33*F33,"") -> 492.23
B34: compris tampons fonte C250Kn pour réseaux "EG" | I34: =IF(G34<>"",G34*F34,"")
I35: =IF(G35<>"",G35*F35,"")
B36: Fourniture et pose d'un Séparateur à Graisse de type | E36: for | F36: 1 | G36: =DS!F87 -> 4842 | I36: =IF(G36<>"",G36*F36,"") -> 4842
B37: PSGD2 de chez Ocido | I37: =IF(G37<>"",G37*F37,"")
I38: =IF(G38<>"",G38*F38,"")
B39: Fourniture et pose de tyaux PVC CR8 Ø110, y compris | E39: ml | F39: 45 | G39: =DS!F115 -> 149.09 | I39: =IF(G39<>"",G39*F39,"") -> 6709.05
B40: ouverture et fermeture tranchée et lit de pose | I40: =IF(G40<>"",G40*F40,"")
I41: =IF(G41<>"",G41*F41,"")
B42: Raccordement sur réseaux existants | E42: for | F42: 1 | G42: =DS!F143 -> 600 | I42: =IF(G42<>"",G42*F42,"") -> 600
I43: =IF(G43<>"",G43*F43,"")
B44: Remise en état | E44: for | F44: 1 | G44: =DS!F171 -> 4400 | I44: =IF(G44<>"",G44*F44,"") -> 4400
I45: =IF(G45<>"",G45*F45,"")
I46: =IF(G46<>"",G46*F46,"")
B47: Aménagement Extérieur | I47: =IF(G47<>"",G47*F47,"")
I48: =IF(G48<>"",G48*F48,"")
B49: Démolition du revêtement existant | E49: m2 | F49: =25*3 -> 75 | G49: =DS!F199 -> 36.24 | I49: =IF(G49<>"",G49*F49,"") -> 2718
I50: =IF(G50<>"",G50*F50,"")
B51: Fourniture et mise en œuvre de grave béton concassée | E51: m2 | F51: =20*3 -> 60 | G51: =DS!F227 -> 38.71 | I51: =IF(G51<>"",G51*F51,"") -> 2322.6
B52: 0/31,5 sur une épaisseur moyenne de 0,25m | I52: =IF(G52<>"",G52*F52,"")
I53: =IF(G53<>"",G53*F53,"")
B54: Fourniture et mise en œuvre d'enrobé noir BB0/6 | E54: m2 | F54: 60 | G54: =DS!F255 -> 34.13 | I54: =IF(G54<>"",G54*F54,"") -> 2047.8
B55: sur une épaisseur moyenne de 0,05m | I55: =IF(G55<>"",G55*F55,"")
I56: =IF(G56<>"",G56*F56,"")
B57: Création d'un escalier ou rampe en béton d'accès jardin | E57: for | F57: 1 | G57: =DS!F283 -> 1645 | I57: =IF(G57<>"",G57*F57,"") -> 1645
I58: =IF(G58<>"",G58*F58,"")
B59: Création d'un Portillon et Brise Vue en bois | E59: for | F59: 1 | G59: =DS!F311 -> 1300 | I59: =IF(G59<>"",G59*F59,"") -> 1300
I60: =IF(G60<>"",G60*F60,"")
I61: =IF(G61<>"",G61*F61,"")
B62: Fourniture et mise en œuvre de terre végétale sur une | E62: m2 | F62: 23 | G62: =DS!F339 -> 88.82 | I62: =IF(G62<>"",G62*F62,"") -> 2042.86
B63: épaisseur moyenne de 0,35m, y compris engazonnement | I63: =IF(G63<>"",G63*F63,"")
I64: =IF(G64<>"",G64*F64,"")
B65: Moins Value Remise en état | E65: for | F65: 1 | G65: =-G44 -> -4400 | I65: =IF(G65<>"",G65*F65,"") -> -4400
I66: =IF(G66<>"",G66*F66,"")
I67: =IF(G67<>"",G67*F67,"")
I68: =IF(G68<>"",G68*F68,"")
I69: =IF(G69<>"",G69*F69,"")
I70: =IF(G70<>"",G70*F70,"")
I71: =IF(G71<>"",G71*F71,"")
I72: =IF(G72<>"",G72*F72,"")
I73: =IF(G73<>"",G73*F73,"")
I74: =IF(G74<>"",G74*F74,"")
I75: =IF(G75<>"",G75*F75,"")
I76: =IF(G76<>"",G76*F76,"")
I77: =IF(G77<>"",G77*F77,"")
... I108: =IF(G108<>"",G108*F108,"")
B109: Remise Commerciale | E109: for | F109: 1 | G109: -954.03 | I109: =IF(G109<>"",G109*F109,"") -> -954.03
A114: Validité 1 mois | D114: Bon pour Accord + Cachet | H114: TOTAL H.T. | J114: =SUM(I26:J111) -> 27211.12
H115: TVA 20,00% | J115: =J114*0.2 -> 5442.224
H116: TOTAL T.T.C. | J116: =SUM(J114:J115) -> 32653.344
A121: ZAS TP - 58, Boulevard de Stalingrad - 93270 SEVRAN
A122: SAS au Capital de 6000€ - RCS Bobigny B 789 672 391 - SIRET 789 672 391 00016 - NAF 4211Z

Sheet DS
A2: Poste | B2: =Feuil1!B27 -> Fourniture et pose de regard de branchement 40x40 y | F2: Prix de Vente
A3: Unite | B3: =Feuil1!E27 -> u | F3: =ROUNDUP(F28/B4,2) -> 492.23
A4: Quantite | B4: =Feuil1!F27 -> 5
A5: Designation | B5: Unite | C5: Quantite | D5: Jour | E5: Prix Unitaire | F5: Total
A6: Mains Oeuvre
A7: Equipes | B7: u | C7: 3 | D7: 0.5 | E7: 300 | F7: =C7*D7*E7 -> 450 | L7: FG | M7: 1
F8: =C8*D8*E8 -> 0 | L8: Marge | M8: 1
F9: =C9*D9*E9 -> 0
A10: Materiels
A11: Pelle 5T | B11: u | C11: 1 | D11: 0.5 | E11: 250 | F11: =C11*D11*E11 -> 125
A12: Transfert | B12: u | C12: 1 | D12: =2/3 -> 0.66666667 | E12: 200 | F12: =C12*D12*E12 -> 133.33333
A13: Chargeur | B13: u | C13: 1 | D13: 0.5 | E13: 100 | F13: =C13*D13*E13 -> 50
F14: =C14*D14*E14 -> 0
A15: Camion | B15: u | C15: 1 | D15: 0.75 | E15: 580 | F15: =C15*D15*E15 -> 435
F16: =C16*D16*E16 -> 0
F17: =C17*D17*E17 -> 0
F18: =C18*D18*E18 -> 0
A19: Fourniture
A20: Decharge | B20: T | C20: =B4*0.5*0.5*0.5*1.9 -> 1.1875 | D20: 1 | E20: 15 | F20: =C20*D20*E20 -> 17.8125
A21: Regards | B21: u | C21: =B4 -> 5 | D21: 1 | E21: 250 | F21: =C21*D21*E21 -> 1250
F22: =C22*D22*E22 -> 0
F23: =C23*D23*E23 -> 0
F24: =C24*D24*E24 -> 0
A25: Divers | B25: u | C25: 1 | D25: 1 | E25: 0 | F25: =C25*D25*E25 -> 0
E26: DS | F26: =SUM(F6:F25) -> 2461.1458
D27: FG | E27: =$M$7 -> 1 | F27: =F26*E27 -> 2461.1458
D28: Marge | E28: =$M$8 -> 1 | F28: =F27*E28 -> 2461.1458
A30: Poste | B30: =Feuil1!B30 -> Fourniture et pose de regard de branchement 40x40 y | F30: Prix de Vente
A31: Unite | B31: =Feuil1!E30 -> u | F31: =F3 -> 492.23
A32: Quantite | B32: =Feuil1!F30 -> 2
A33: Designation | B33: Unite | C33: Quantite | D33: Jour | E33: Prix Unitaire | F33: Total
A34: Mains Oeuvre
A35: Equipes | B35: u | F35: =C35*D35*E35 -> 0
F36: =C36*D36*E36 -> 0
F37: =C37*D37*E37 -> 0
A38: Materiels | C38: -0.42857143 | D38: 0.84756584 | E38: -81.420591
A39: Pelle 8T | B39: u | F39: =C39*D39*E39 -> 0
F40: =C40*D40*E40 -> 0
A41: Chargeur | B41: u | F41: =C41*D41*E41 -> 0
F42: =C42*D42*E42 -> 0
A43: Camion | B43: u | F43: =C43*D43*E43 -> 0
F44: =C44*D44*E44 -> 0
F45: =C45*D45*E45 -> 0
F46: =C46*D46*E46 -> 0
A47: Fourniture | D47: 0.53152434 | E47: -306.58579
A48: Decharge | B48: T | F48: =C48*D48*E48 -> 0
F49: =C49*D49*E49 -> 0
F50: =C50*D50*E50 -> 0
F51: =C51*D51*E51 -> 0
F52: =C52*D52*E52 -> 0
A53: Divers | B53: u | F53: =C53*D53*E53 -> 0
E54: DS | F54: =SUM(F34:F53) -> 0
D55: FG | E55: =$M$7 -> 1 | F55: =F54*E55 -> 0
D56: Marge | E56: =$M$8 -> 1 | F56: =F55*E56 -> 0
A58: Poste | B58: =Feuil1!B33 -> Fourniture et pose de regard de branchement 40x40 y | F58: Prix de Vente
A59: Unite | B59: =Feuil1!E33 -> u | F59: =F3 -> 492.23
A60: Quantite | B60: =Feuil1!F33 -> 1
A61: Designation | B61: Unite | C61: Quantite | D61: Jour | E61: Prix Unitaire | F61: Total
A62: Mains Oeuvre
A63: Equipes | B63: u | F63: =C63*D63*E63 -> 0
F64: =C64*D64*E64 -> 0
F65: =C65*D65*E65 -> 0
A66: Materiels | C66: -0.42857143 | D66: 0.21548284 | E66: -531.751
A67: Pelle 8T | B67: u | F67: =C67*D67*E67 -> 0
F68: =C68*D68*E68 -> 0
A69: Chargeur | B69: u | F69: =C69*D69*E69 -> 0
F70: =C70*D70*E70 -> 0
A71: Camion | B71: u | F71: =C71*D71*E71 -> 0
F72: =C72*D72*E72 -> 0
F73: =C73*D73*E73 -> 0
F74: =C74*D74*E74 -> 0
A75: Fourniture | D75: -0.10055866 | E75: -756.9162
A76: Decharge | B76: T | F76: =C76*D76*E76 -> 0
F77: =C77*D77*E77 -> 0
F78: =C78*D78*E78 -> 0
F79: =C79*D79*E79 -> 0
F80: =C80*D80*E80 -> 0
A81: Divers | B81: u | F81: =C81*D81*E81 -> 0
E82: DS | F82: =SUM(F62:F81) -> 0
D83: FG | E83: =$M$7 -> 1 | F83: =F82*E83 -> 0
D84: Marge | E84: =$M$8 -> 1 | F84: =F83*E84 -> 0
A86: Poste | B86: =Feuil1!B36 -> Fourniture et pose d'un Séparateur à Graisse de type | F86: Prix de Vente
A87: Unite | B87: =Feuil1!E36 -> for | F87: =ROUNDUP(F112/B88,2) -> 4842
A88: Quantite | B88: =Feuil1!F36 -> 1
A89: Designation | B89: Unite | C89: Quantite | D89: Jour | E89: Prix Unitaire | F89: Total
A90: Mains Oeuvre
A91: Equipes | B91: u | C91: 3 | D91: 2 | E91: 300 | F91: =C91*D91*E91 -> 1800
F92: =C92*D92*E92 -> 0
F93: =C93*D93*E93 -> 0
A94: Materiels
A95: Pelle 5T | B95: u | C95: 1 | D95: 2 | E95: 250 | F95: =C95*D95*E95 -> 500
F96: =C96*D96*E96 -> 0
A97: Chargeur | B97: u | C97: 1 | D97: 2 | E97: 100 | F97: =C97*D97*E97 -> 200
F98: =C98*D98*E98 -> 0
A99: Camion | B99: u | C99: 1 | D99: 1 | E99: 580 | F99: =C99*D99*E99 -> 580
F100: =C100*D100*E100 -> 0
F101: =C101*D101*E101 -> 0
F102: =C102*D102*E102 -> 0
A103: Fourniture
A104: Decharge | B104: T | C104: =B88*2*2*2*2 -> 16 | D104: 1 | E104: 15 | F104: =C104*D104*E104 -> 240
...
